 Dungeon Crawl Stone Soup version 0.29.1-1-gd02db6906a (webtiles) character file.

Game seed: 3664529767879808621

65 xian the Chopper (level 3, -4/28 HPs)
             Began as a Demonspawn Gladiator on Oct 1, 2022.
             Slain by Terence
             ... wielding a +0 flail
              (11 damage)
             ... on level 3 of the Dungeon.
             The game lasted 00:02:56 (1473 turns).

xian the Chopper (Demonspawn Gladiator)             Turns: 1473, Time: 00:02:56

Health: -4/28      AC:  6    Str: 16    XL:     3   Next: 94%
Magic:  3/3        EV: 12    Int:  9    God:
Gold:   99         SH:  0    Dex: 14    Spells: 2/2 levels left

rFire   . . .      SeeInvis .   a - +0 war axe
rCold   . . .      Faith    .   (no shield)
rNeg    . . .      Spirit   .   b - +0 leather armour
rPois   +          Reflect  .   c - +0 helmet
rElec   .          Harm     .   j - +1 cloak {rPois}
rCorr   .          Rampage  .   (no gloves)
Will    .....                   (no boots)
Stlth   +.........              o - amulet of the acrobat
HPRegen 0.09/turn               (no ring)
MPRegen 0.08/turn               (no ring)

@: no status effects
A: spiny 1
a: no special abilities


You were on level 3 of the Dungeon.
You visited 1 branch of the dungeon, and saw 3 of its levels.

You collected 99 gold pieces.

Inventory:

Hand Weapons
 a - a +0 war axe (weapon)
Missiles
 d - 3 throwing nets (quivered)
 e - a javelin
 n - a stone
Armour
 b - a +0 leather armour (worn)
 c - a +0 helmet (worn)
 j - a +1 cloak of poison resistance (worn)
Jewellery
 o - an amulet of the acrobat (around neck)
Scrolls
 f - a scroll of identify {unknown}
 g - a scroll of fear {unknown}
 l - 2 scrolls of noise {unknown}
Potions
 i - a potion of heal wounds {unknown}
 k - a potion of haste {unknown}
 m - a potion of magic {unknown}


   Skills:
 + Level 2.6 Fighting
 + Level 3.4 Axes
 + Level 2.0 Throwing
 + Level 0.6 Armour
 + Level 3.1 Dodging


You had 2 spell levels left.
You didn't know any spells.
Your spell library contained the following spells:

 Spells                   Type           Power      Damage    Failure   Level
 Necrotise                Necr           0%         1d4       45%         1
 Portal Projectile        Hex/Tloc       0%         N/A       83%         3
 Tukima's Dance           Hex            0%         N/A       83%         3
 Vampiric Draining        Necr           0%         2d6       83%         3
 Agony                    Necr           0%         N/A       100%        5
 Blade Hands              Tmut           0%         N/A       100%        5


Dungeon Overview and Level Annotations

Branches:
Dungeon (3/15)

Altars:

Annotations:
D:3 Terence


Innate Abilities, Weirdness & Mutations

You are partially covered in sharp spines.


Message History

The adder hisses angrily.
There is a stone staircase leading up here.
You throw a stone. The stone hits the adder.
The adder is lightly wounded.
You hit the adder.
The adder is heavily wounded.
The adder barely misses you. The adder is struck by your spines.
The adder barely misses you.
You barely miss the adder.
The adder is almost dead.
The adder is struck by your spines.
You kill the adder!
You see here an adder corpse.
Terence the Incautious comes into view.
He is wielding a +0 flail.
Terence shouts!
Unknown command.
You throw an atropa-tipped dart.
The atropa-tipped dart barely misses Terence.
You throw an atropa-tipped dart. The atropa-tipped dart hits Terence.
Terence appears confused.
Terence seems less confused.
You catch the helpless Terence completely off-guard!
You hit Terence.
Terence is lightly wounded.
Terence is struck by your spines. Terence hits you with a +0 flail.
You barely miss Terence.
Terence is lightly wounded.
Terence is no longer blind.
Terence closely misses you. Terence hits you with a +0 flail!
You hit Terence but do no damage.
Terence is lightly wounded.
Terence misses you.
You slash Terence!
Terence is severely wounded.
Terence hits you with a +0 flail!
* * * LOW HITPOINT WARNING * * *
You hit Terence.
Terence is severely wounded.
Terence barely misses you. Terence hits you with a +0 flail!
You die...

... ..#
..# #.#
#.# #(#
#####@#
#....@#
#.#####
#.<...#
#†###.#
#.....#
#######


You could see Terence.

Vanquished Creatures
  2 adders
  3 dart slugs (D:2)
  4 bats (D:1)
  4 endoplasms
  A giant cockroach (D:2)
  4 hobgoblins
  2 jackals (D:2)
  4 kobolds (D:2)
  A quokka (D:2)
  3 ball pythons
  5 goblins
  6 rats
39 creatures vanquished.

Notes
Turn   | Place    | Note
-------+----------+-------------------------------------------
     0 | D:1      | xian the Demonspawn Gladiator began the quest for the Orb.
     0 | D:1      | Reached XP level 1. HP: 16/16 MP: 1/1
   341 | D:1      | Gained mutation: You are partially covered in sharp spines.
                  | [demonic ancestry]
   341 | D:1      | Reached XP level 2. HP: 21/22 MP: 2/2
   736 | D:2      | Reached XP level 3. HP: 24/28 MP: 3/3
  1465 | D:3      | Noticed Terence
  1473 | D:3      | Slain by Terence

Illustrated notes

Levels and vault maps discovered:
D:1:      amcnicky_arrival_double_pillar, layout_rooms,
          minmay_misc_feat_enclosed
D:2:      layout_loops_ring, basic_altar, wad_floor_pattern_1
D:3:      layout_basic, lightli_temple_of_fire, ebering_ecumenical_altar_ruins,
          uniq_sigmund, uniq_terence, uniq_jessica

Skill      XL: |  1  2 |
---------------+-------+-----
Dodging        | 3 |  3.1
Axes           | 3 |  3.4
Throwing       | 2 |  2.0
Fighting       | |  2.6
Armour         | |  0.6

Action                   || total
-------------------------++-------
Melee: War axe           ||    52
Throw: Stone             ||    26
       Dart              ||     2
 Stab: Invisible         ||     1
Armor: Leather armour    ||    23
Dodge: Dodged            ||    53
